[Event "Late-Titled-Tuesday-Blitz-October-03-2023"]
[Site "Chess.com"]
[Date "2023.10.03"]
[Round "10"]
[White "koncheto"]
[Black "BeanScreen"]
[Result "0-1"]
[WhiteElo "2539"]
[BlackElo "2716"]
[TimeControl "180+1"]
[EndTime "15:51:14 PDT"]
[Termination "BeanScreen won on time"]

1. e4 e5 2. Nf3 Nc6 3. Bc4 Nf6 4. d3 Be7 5. O-O O-O 6. h3 d5 7.
exd5 Nxd5 8. Re1 Nb6 9. Bb5 f6 10. c3 Bd7 11. Nbd2 a6 12. Bxc6 Bxc6 13. d4 exd4 14.
Nxd4 Bd5 15. N2f3 Qd7 16. b3 Rad8 17. Be3 Ba3 18. Qe2 c5 19. Nc2 Bb2 20. Bxc5 Rfe8 21. Ne3 Bxa1 22. Bxb6 Bxc3 23. Rc1 Rc8 24. Qd3 Be5 25.
Rxc8 Rxc8 26. Nxe5 Rc1+ 27. Kh2 Qd6 28. Nxd5 Qxe5+ 29. f4 Qe1 30. Bd4 Qh1+ 31. Kg3 Qe1+ 32. Kg4 Qd1+ 33. Qxd1 Rxd1 34. Ne7+ Kf7 35. Bc5 Rd2 36.
Kf3 Rxa2 37. Nf5 Ra5 38. Nd6+ Ke6 39. Nxb7 Rb5 40. Nd8+ Kd7 41. b4 Kxd8 0-1

[Event "Late-Titled-Tuesday-Blitz-October-03-2023"]
[Site "Chess.com"]
[Date "2023.10.03"]
[Round "10"]
[White "GM_dmitrij"]
[Black "jcibarra"]
[Result "0-1"]
[WhiteElo "3042"]
[BlackElo "2961"]
[TimeControl "180+1"]
[EndTime "15:51:19 PDT"]
[Termination "jcibarra won by checkmate"]

1. e4 c5 2. Nf3 e6 3. d4 cxd4 4. Nxd4 Nf6 5. Nc3 Nc6 6. Be2 Bb4 7. O-O Bxc3 8. bxc3 Nxe4 9. Nxc6 dxc6 10. Bd3 Nc5 11.
Qg4 O-O 12. Bh6 Qf6 13. Bg5 Qxc3 14. Rad1 f5 15. Qh4 h6 16. Be7 Rf7 17. Be2 Bd7 18.
Bh5 g5 19. Bxf7+ Kxf7 20. Qxh6 Kxe7 21. Qh7+ Kf6 22. Rfe1 Rf8 23. h4 gxh4 24. Re3 Qxc2 25. Qxh4+ Kf7 26. Ree1 b6 27. Qh6 Qb2 28. Qh5+ Ke7 29.
Qh7+ Rf7 30. Qg8 Rf8 31. Qh7+ Rf7 32. Qg8 Qg7 33. Qb8 Kf6 34. Qxa7 Ne4 35. Qxb6 Kg6 36. a4 Kh7 37. a5 Bc8 38. a6 Qg6 39. Rd8 Rg7 40.
g3 Nxg3 41. fxg3 Qxg3+ 42. Kf1 Qg2# 0-1

[Event "Late-Titled-Tuesday-Blitz-October-03-2023"]
[Site "Chess.com"]
[Date "2023.10.03"]
[Round "10"]
[White "ChristopherYoo"]
[Black "Hikaru"]
[Result "1/2-1/2"]
[WhiteElo "3012"]
[BlackElo "3260"]
[TimeControl "180+1"]
[EndTime "15:51:20 PDT"]
[Termination "Game drawn by repetition"]

1. e4 a6 2. Nf3 e6 3. d3 c5 4.
Nbd2 g6 5. g3 Bg7 6. Bg2 d5 7. O-O Ne7 8. Re1 O-O 9. Nf1 Nbc6 10. h4 h6 11. c3 e5 12. h5 g5 13.
exd5 Nxd5 14. Ne3 Be6 15. Nc4 f6 16. d4 Nxc3 17. bxc3 Bxc4 18. dxe5 Qxd1 19. Rxd1 f5 20. Be3 Rf7 21. Bxc5 Nxe5 22. Nxe5 Bxe5 23. Bd4 Bxd4 24.
Rxd4 Rc8 25. a4 Kg7 26. Rb1 b5 27. axb5 Bxb5 28. Bd5 Rfc7 29. c4 Be8 30. Ra1 Ra7 31. Be6 Rc5 32. Rd5 Rxd5 33. cxd5 Kf6 34. Bc8 a5 35. d6 g4 36. d7 Bxd7 37. Bxd7 Rxd7 38. Rxa5 Kg5 39. Kg2 Rf7 40. f3 Kxh5 41. fxg4+ Kxg4 42. Ra4+ Kg5 43. Kf3 Rc7 44. Rb4 Rc3+ 45. Kg2 Re3 46.
Ra4 Re4 47. Ra8 Re6 48. Kf3 Rb6 49. Rg8+ Kf6 50. Rf8+ Kg6 51. Rg8+ Kf7 52. Ra8 Kf6 53. Rf8+ Ke5 54. Re8+ Kf6 55. Rf8+ 1/2-1/2

[Event "Late-Titled-Tuesday-Blitz-October-03-2023"]
[Site "Chess.com"]
[Date "2023.10.03"]
[Round "10"]
[White "rookoco"]
[Black "Grischuk"]
[Result "0-1"]
[WhiteElo "2778"]
[BlackElo "3003"]
[TimeControl "180+1"]
[EndTime "15:51:20 PDT"]
[Termination "Grischuk won by resignation"]

1. e4 c5 2. Nf3 d6 3. d4 cxd4 4. Nxd4 Nf6 5. Nc3 a6 6. Bd3 g6 7. f4 Bg7 8. Nf3 Bg4 9. h3 Bxf3 10. Qxf3 Nc6 11. Be3 O-O 12. O-O Nd7 13. Ne2 Nb4 14. Nd4 Rc8 15. Qe2 Nc5 16. Bf2 Ncxd3 17. cxd3 Bxd4 18.
Bxd4 Nc2 19. Bc3 Nxa1 20. Rxa1 f6 21. h4 Qe8 22. e5 Qf7 23. e6 Qg7 24. Rf1 Qh6 25. g3 Rc5 26. Qf3 Rc6 27. Kg2 Qh5 28.
g4 Qc5 29. h5 g5 30. fxg5 Qxg5 31. Kh3 Rfc8 32. Qg2 d5 33. Qe2 d4 34. Bxd4 Qd5 35. Bc3 Rxe6 36. Qd2 Qg5 37. Qxg5+ fxg5 38. Rf5 h6 39. Rd5 Rd6 40. Re5 Rxd3+ 41. Kg2 Kf7 42. Rf5+ Ke6 43. Re5+ Kd7 44. Rf5 b5 45. a3 Rcxc3 46.
bxc3 Rxc3 0-1

[Event "Late-Titled-Tuesday-Blitz-October-03-2023"]
[Site "Chess.com"]
[Date "2023.10.03"]
[Round "10"]
[White "nitpicker"]
[Black "Defenstrator"]
[Result "1-0"]
[WhiteElo "2256"]
[BlackElo "2403"]
[TimeControl "180+1"]
[EndTime "15:51:20 PDT"]
[Termination "nitpicker won by checkmate"]

1. d4 f5 2. c4 Nf6 3. Nf3 e6 4. Qc2 Bb4+ 5. Bd2 Nc6 6. a3 Be7 7. Nc3 d6 8. d5 Ne5 9. e4 fxe4 10.
Nxe5 dxe5 11. dxe6 Bxe6 12. Nxe4 O-O 13. O-O-O Nxe4 14. Qxe4 Bf5 15. Qxe5 c6 16. Bc3 Bg5+ 17. f4 Bxf4+ 18. Qxf4 Qxd1+ 19. Kxd1 Bc2+ 20. Kxc2 Rxf4 21. c5 b6 22. b3 b5 23. Bd3 Rf2+ 24. Kc1 Rxg2 25.
Be4 Rg5 26. Bxc6 Rc8 27. Bxb5 Rcxc5 28. Bc4+ Kh8 29. Re1 h5 30. Re7 a5 31. Bd4 Rc8 32. Kd2 a4 33. Kd3 axb3 34. Bxb3 Rg4 35. Re3 Rd8 36.
Re4 Rg2 37. Bc4 Rxh2 38. a4 Rh3+ 39. Re3 Rh4 40. Re4 Rh3+ 41. Re3 Rh4 42. Re4 Rh1 43.
a5 h4 44. a6 h3 45. Rh4# 1-0

[Event "Late-Titled-Tuesday-Blitz-October-03-2023"]
[Site "Chess.com"]
[Date "2023.10.03"]
[Round "10"]
[White "pedromartinez91"]
[Black "KNVB"]
[Result "0-1"]
[WhiteElo "2565"]
[BlackElo "2696"]
[TimeControl "180+1"]
[EndTime "15:51:21 PDT"]
[Termination "KNVB won by resignation"]

1. d4 Nf6 2. c4 e5 3. dxe5 Ng4 4. e3 Nxe5 5. Nh3 d5 6. cxd5 Bxh3 7. gxh3 Bd6 8. Bg2 O-O 9. Nc3 Ng6 10. Bd2 Nd7 11.
Qe2 Nh4 12. Be4 f5 13. Bd3 Ng2+ 14. Kd1 Ne5 15. f4 Nxd3 16. Qxd3 Qh4 17. Kc2 Qxh3 18.
Raf1 Rae8 19. Nd1 Nh4 20. Rhg1 a6 21. Rg3 Qxh2 22. Rfg1 Ng6 23. R1g2 Qh5 24. Nf2 Rf7 25. Rh3 Nh4 26. Rg5 Qh6 27. e4 Be7 28. Rxf5 Nxf5 29. exf5 Qf6 30. Rh5 Rd8 31. Ne4 Qb6 32. Bc3 Qb5 33.
Qd4 Qxd5 34. Qxd5 Rxd5 35. Ng3 Bf6 36. Bd2 Bxb2 37. Be3 Bd4 38. Bd2 c5 39. f6 Rxh5 40.
Nxh5 Bxf6 41. Ng3 Bd4 42. Nf5 Rxf5 43. Be3 g6 44. Bxd4 cxd4 45. Kd3 Rxf4 46. Kd2 Rf6 47. Ke2 Rf5 48. a4 Kf7 49. a5 Rxa5 50. Ke1 Rf5 0-1

[Event "Late-Titled-Tuesday-Blitz-October-03-2023"]
[Site "Chess.com"]
[Date "2023.10.03"]
[Round "10"]
[White "K_alena13"]
[Black "mfwagnerpeixoto"]
[Result "0-1"]
[WhiteElo "2144"]
[BlackElo "2332"]
[TimeControl "180+1"]
[EndTime "15:51:23 PDT"]
[Termination "mfwagnerpeixoto won on time"]

1. Nf3 c5 2. c4 Nc6 3. Nc3 g6 4. e3 e5 5. d4 cxd4 6. exd4 Bg7 7. d5 Nd4 8. Nxd4 exd4 9. Nb5 d6 10. Qa4 Kf8 11. Qa3 Qe7+ 12. Be2 a6 13. Nxd6 d3 14. Nxc8 Qxa3 15. bxa3 Bxa1 16. Nb6 Re8 17. Be3 dxe2 18. d6 Be5 19. d7 Rd8 20. Bc5+ Kg7 21. Kxe2 Nf6 22. Rd1 Bc7 23. Be7 Bxb6 24. Bxd8 Rxd8 25. Rd6 Bc7 26. Rd4 Rxd7 27. Rh4 Re7+ 28. Kf1 Re4 29. Rh3 Rxc4 30. Rb3 Rc1+ 31. Ke2 Rc2+ 32. Ke3 b5 33. Rd3 Bxh2 34. Kf3 Bg1 35. Kf4 Rxf2+ 36. Ke5 Rxa2 37. Kd6 Bf2 38. Kc7 Bh4 39. Kb6 Be1 40. Kxa6 b4 41. Kb5 Rxa3 42. Kc4 Rxd3 43. Kxd3 b3 44. g4 Ba5 0-1

[Event "Late-Titled-Tuesday-Blitz-October-03-2023"]
[Site "Chess.com"]
[Date "2023.10.03"]
[Round "10"]
[White "Verony64"]
[Black "falzehope0"]
[Result "0-1"]
[WhiteElo "2212"]
[BlackElo "2334"]
[TimeControl "180+1"]
[EndTime "15:51:28 PDT"]
[Termination "falzehope0 won on time"]

1. d4 e6 2. c4 d5 3. cxd5 exd5 4. Nc3 f5 5. h3 Nf6 6. Bf4 Bb4 7. e3 O-O 8. Nf3 c5 9. Bd3 cxd4 10. Nxd4 Ne4 11. Qb3 Bxc3+ 12. bxc3 Nc6 13. Bxe4 fxe4 14. Rd1 Kh8 15.
O-O Na5 16. Qb4 Nc4 17. Nb5 a5 18. Qc5 Bxh3 19. gxh3 Qh4 20. Qxd5 Qxh3 21. Qxe4 Rf6 22.
Qg2 Rg6 23. Bg3 Qh5 24. Nd4 Re8 25. Ne2 Qxe2 26. Rfe1 Qh5 27. Rd4 b5 28. Rh4 Qf5 29.
Qh2 h6 30. Qg2 Kh7 31. Rf4 Qc2 32. a4 Qxc3 33. Rd1 b4 34. Rd7 Nxe3 35. fxe3 Qxe3+ 36. Kh2 Qe6 37. Rdf7 b3 38. Rf2 Rd8 39. R7f3 Rd5 40. Kg1 Rd1+ 41. Rf1 Rd4 42. R1f2 Re4 43. Rf1 Re2 44.
R3f2 Re4 45. Rf3 Qd5 46. R3f2 Qd4 0-1

[Event "Late-Titled-Tuesday-Blitz-October-03-2023"]
[Site "Chess.com"]
[Date "2023.10.03"]
[Round "10"]
[White "Abund"]
[Black "NMJeevanK"]
[Result "1-0"]
[WhiteElo "2790"]
[BlackElo "2581"]
[TimeControl "180+1"]
[EndTime "15:51:29 PDT"]
[Termination "Abund won on time"]

1. c4 e5 2. g3 Nf6 3. Bg2 Nc6 4.
Nc3 d6 5. Nf3 Be7 6. d4 exd4 7.
Nxd4 Bd7 8. O-O O-O 9. b3 Rb8 10. Bb2 Qc8 11. Re1 Re8 12. Rc1 Bf8 13. Nd5 Nxd5 14.
cxd5 Nxd4 15. Qxd4 c5 16. dxc6 bxc6 17. Rc2 Qa6 18. Ba1 d5 19. e3 Bf5 20. Rd2 f6 21. Rc1 Be4 22. Bf1 Qb7 23. Qa4 Bb4 24. Rdd1 Re6 25.
a3 Bf8 26. b4 Qf7 27. Bd4 Qh5 28. Bg2 Bxg2 29. Kxg2 Qe8 30. Rc2 Rc8 31. Rdc1 Qd7 32. Qxa7 Qxa7 33. Bxa7 Ra8 34. Bc5 Rxa3 35. Bxf8 Kxf8 36.
Rxc6 Re7 37. Rb6 Rb3 38. Rc8+ Kf7 39. Rd8 Rb2 40. Kf3 Re5 41. Rb7+ Kg6 42. Rdd7 Rf5+ 43. Kg4 h5+ 44. Kh4 Rfxf2 45. Rxg7+ Kf5 46. h3 Rfe2 47. Rbe7 Rxb4+ 48. g4+ 1-0

[Event "Late-Titled-Tuesday-Blitz-October-03-2023"]
[Site "Chess.com"]
[Date "2023.10.03"]
[Round "10"]
[White "Quattroporte300"]
[Black "Byniolus"]
[Result "0-1"]
[WhiteElo "2381"]
[BlackElo "2732"]
[TimeControl "180+1"]
[EndTime "15:51:29 PDT"]
[Termination "Byniolus won by resignation"]

1. e4 a6 2. d4 b6 3. Bd3 c6 4.
Nf3 d6 5. O-O e6 6. c4 f6 7. Nc3 g6 8. Re1 Ne7 9. e5 dxe5 10.
dxe5 f5 11. Bg5 Bg7 12. Bf6 O-O 13. Bxg7 Kxg7 14. Qe2 c5 15. Rad1 Qc7 16. h4 h6 17.
Bc2 Bd7 18. Rd6 Nc8 19. Rd2 Nc6 20. Red1 Be8 21. Qe3 Ra7 22. a3 Bf7 23. Ba4 Rd8 24. Bxc6 Rxd2 25. Qxd2 Qxc6 26. Qd8 Re7 27. Rd2 Be8 28. b3 Qc7 29. Na4 Bc6 30. Qxc7 Rxc7 31.
Rd8 Bb7 32. Kf1 b5 33. cxb5 axb5 34. Nxc5 Rxc5 35. Rd7+ Kf8 36. Rxb7 Ne7 37. Ke2 Rc2+ 38. Nd2 Nc6 39. f4 Ra2 40. Rxb5 Nd4+ 41. Kd3 Nxb5 42. a4 Nc7 43. g3 Ke7 44. Kc3 Kd7 45.
Nc4 Nd5+ 46. Kd4 Rg2 47. a5 Kc6 48. a6 Rxg3 0-1

[Event "Late-Titled-Tuesday-Blitz-October-03-2023"]
[Site "Chess.com"]
[Date "2023.10.03"]
[Round "10"]
[White "Njal28"]
[Black "Harsha_Bharathakoti"]
[Result "1/2-1/2"]
[WhiteElo "3078"]
[BlackElo "2925"]
[TimeControl "180+1"]
[EndTime "15:51:32 PDT"]
[Termination "Game drawn by repetition"]

1. d4 Nf6 2. c4 e6 3. Nc3 d5 4. Bg5 dxc4 5. e3 h6 6. Bxf6 Qxf6 7. Bxc4 c5 8. Nf3 cxd4 9. Nxd4 Bd7 10. O-O a6 11.
Ne4 Qe5 12. Qf3 Nc6 13. Rfd1 Be7 14. Nc3 Rd8 15. Bd3 O-O 16. Be4 Rc8 17. Nxc6 Bxc6 18. Bxc6 Rxc6 19. Rd7 Rc7 20. Rad1 Rfc8 21. g3 Rxd7 22.
Rxd7 Rc7 23. Qd1 Bf6 24. Qd2 Qa5 25. Rxc7 Qxc7 26. Ne4 Be7 27. Qc3 Qxc3 28. Nxc3 Kf8 29. Kf1 Ke8 30. Ke2 Kd7 31. Kd3 Bf6 32. b4 Bxc3 33.
Kxc3 Kd6 34. Kc4 b5+ 35. Kd4 e5+ 36. Kd3 Kd5 37. e4+ Kd6 38. h4 h5 39. f4 g6 40.
Ke3 Ke6 41. Kf3 Kf6 42. a3 Ke6 43. Ke3 Kf6 44. Kf3 Ke6 45. Kf2 Kf6 46. Ke3 Ke6 47.
Kf3 Kf6 48. Ke3 Ke6 49. Kf2 f5 50. Kf3 Kf6 51. Ke3 Ke6 52. Kf3 Kf6 53. Ke3 Ke6 54. Kf3 1/2-1/2

[Event "Late-Titled-Tuesday-Blitz-October-03-2023"]
[Site "Chess.com"]
[Date "2023.10.03"]
[Round "10"]
[White "Valeron87"]
[Black "Garmendiarov"]
[Result "0-1"]
[WhiteElo "2474"]
[BlackElo "2353"]
[TimeControl "180+1"]
[EndTime "15:51:32 PDT"]
[Termination "Garmendiarov won by resignation"]

1. e4 c5 2. Nf3 e6 3. d4 cxd4 4.
Nxd4 Bc5 5. Nb3 Bb6 6. Bd3 Ne7 7.
Qe2 O-O 8. Be3 f5 9. exf5 Nxf5 10. Bxb6 Qxb6 11. Nc3 Nc6 12. O-O d5 13. Nb5 a6 14.
Bxf5 Rxf5 15. Nd6 Rf6 16. c4 Bd7 17. Rad1 Raf8 18. c5 Qb4 19. Ne4 Qxe4 20. Qxe4 dxe4 21. Rxd7 Ne5 22. Rd4 e3 23. f3 e2 24. Re1 Rxf3 25. gxf3 Nxf3+ 26. Kf2 Nxd4+ 27. Ke3 Nc2+ 28. Kxe2 Nxe1 29.
Kxe1 Rf4 30. a3 Rh4 31. Na5 Rxh2 32. b4 Kf7 33. Nxb7 Ke7 34. c6 Rc2 35. Nc5 Kd6 36. Nxa6 Kxc6 37. a4 Rc1+ 38. Kd2 Ra1 39. b5+ Kb6 40. a5+ Kxb5 41. Nc7+ Kxa5 42. Nxe6 Ra2+ 43. Ke3 Rg2 44. Kf4 h5 45. Ng5 h4 46. Nh3 Rg3 47. Nf2 g5+ 48. Ke4 Rg2 49. Kf3 Rxf2+ 50. Kxf2 g4 0-1

[Event "Late-Titled-Tuesday-Blitz-October-03-2023"]
[Site "Chess.com"]
[Date "2023.10.03"]
[Round "10"]
[White "ETTrainer"]
[Black "marik_spb"]
[Result "1-0"]
[WhiteElo "2313"]
[BlackElo "2388"]
[TimeControl "180+1"]
[EndTime "15:51:34 PDT"]
[Termination "ETTrainer won on time"]

1. d4 Nf6 2. Bf4 d5 3. e3 c5 4. c3 e6 5. Nd2 Nc6 6. Ngf3 Bd7 7. Be2 Be7 8. h3 O-O 9. O-O Nh5 10. Bh2 f5 11.
Ne5 Nf6 12. Nxd7 Qxd7 13. Nf3 Ne4 14. Bb5 a6 15. Ne5 Qc8 16. Bxc6 bxc6 17. Qa4 Bd6 18. dxc5 Bxe5 19. Bxe5 Nxc5 20. Qa3 Ne4 21. f3 Nd2 22. Bd6 Nxf1 23. Bxf8 Nxe3 24. Qe7 Qxf8 25. Qxe6+ Kh8 26. Qxe3 Re8 27. Qd4 h6 28. c4 Qb4 29.
b3 Re2 30. Rd1 dxc4 31. bxc4 Rxa2 32. Qd7 Qc5+ 33. Kh1 Kh7 34. Qd3 a5 35. Re1 a4 36.
Re8 a3 37. Qd8 Ra1+ 38. Kh2 Qxc4 39. Rh8+ Kg6 40. Qd6+ Kh5 41. g4+ Kg5 42. h4+ 1-0

[Event "Late-Titled-Tuesday-Blitz-October-03-2023"]
[Site "Chess.com"]
[Date "2023.10.03"]
[Round "10"]
[White "Doudou2015"]
[Black "vanyakuba"]
[Result "1-0"]
[WhiteElo "2181"]
[BlackElo "2354"]
[TimeControl "180+1"]
[EndTime "15:51:34 PDT"]
[Termination "Doudou2015 won by resignation"]

1. b3 d5 2. Bb2 c5 3. e3 a6 4. f4 Nc6 5. Nf3 Nf6 6. Bd3 b5 7. O-O c4 8. Be2 Bf5 9. a3 e6 10. Nh4 Bg6 11. Nxg6 hxg6 12. h3 Bc5 13. Nc3 d4 14.
exd4 Nxd4 15. Kh2 cxb3 16. cxb3 Rc8 17. b4 Bb6 18. Bf3 Qd6 19. g3 O-O 20. Ne4 Nxe4 21.
Bxe4 Rfd8 22. Rc1 Rxc1 23. Qxc1 Nb3 24. Qc3 Qxd2+ 25. Bg2 Qxc3 26. Bxc3 Rd3 27. Bb2 Rd2 28. Be5 Bd4 29. Bxd4 Nxd4 30. Rc1 Rc2 31. Rd1 Nf5 32. Rd3 f6 33. Kg1 e5 34. Be4 Rc1+ 35. Kf2 Rc2+ 36.
Kg1 Rc1+ 37. Kf2 Rc2+ 38. Ke1 Rh2 39. g4 Nd4 40. fxe5 fxe5 41. Bb7 Rh1+ 42. Kf2 Rh2+ 43. Kg1 Ra2 44. Bxa6 Kf8 45. g5 Ke7 46. Re3 Kd6 47. h4 Ne2+ 48. Kh1 Nd4 49. Rc3 Ra1+ 50. Kh2 Ra2+ 51.
Kh3 Nc2 52. Bxb5 Rxa3 53. Rxa3 Nxa3 54. Bd3 Kd5 55. Bxg6 Kd4 56. h5 Nc4 57. h6 gxh6 58.
gxh6 1-0

[Event "Late-Titled-Tuesday-Blitz-October-03-2023"]
[Site "Chess.com"]
[Date "2023.10.03"]
[Round "10"]
[White "Zhigalko_Sergei"]
[Black "artin10862"]
[Result "1-0"]
[WhiteElo "2962"]
[BlackElo "2812"]
[TimeControl "180+1"]
[EndTime "15:51:36 PDT"]
[Termination "Zhigalko_Sergei won by resignation"]

1. e4 c5 2. Nf3 d6 3. d4 cxd4 4. Qxd4 Nc6 5. Bb5 a6 6. Bxc6+ bxc6 7. c4 e5 8. Qd3 Ne7 9. c5 Ng6 10. cxd6 Bxd6 11. O-O Qe7 12. Rd1 Bc5 13. Be3 O-O 14. Bxc5 Qxc5 15. Qc3 Qb5 16. Na3 Qb8 17. Nc4 Bg4 18.
h3 Bxf3 19. Qxf3 Qb4 20. Rac1 Rfd8 21. a3 Qc5 22. Nd6 Qa7 23. Rxc6 Nf4 24. Rcc1 Qb6 25. Nc4 Qb5 26. h4 h6 27. g3 Ne6 28. Nd6 Qd7 29. Nf5 Qa7 30. Qg4 g6 31. Nxh6+ Kh7 32. Nf5 gxf5 33. exf5 Ng7 34. f6 Ne6 35. Qh5+ Kg8 36. Qg4+ Kf8 37. Qh5 Kg8 38. Qxe5 Qb7 39. Qf5 Qxb2 40.
Re1 Rac8 41. Rxc8 Rxc8 42. Rxe6 Qc1+ 43. Kh2 fxe6 44. Qg6+ Kf8 45. Qg7+ 1-0

[Event "Late-Titled-Tuesday-Blitz-October-03-2023"]
[Site "Chess.com"]
[Date "2023.10.03"]
[Round "10"]
[White "APOKALIPSA13"]
[Black "emeli_chess"]
[Result "1/2-1/2"]
[WhiteElo "2168"]
[BlackElo "2358"]
[TimeControl "180+1"]
[EndTime "15:51:37 PDT"]
[Termination "Game drawn by stalemate"]

1. e4 c5 2. Nf3 d6 3. d4 cxd4 4. Nxd4 Nf6 5. Nc3 a6 6. Rg1 e6 7. g4 b5 8. g5 Nfd7 9. a3 Qc7 10.
Be3 Nb6 11. Qf3 Bb7 12. h4 N8d7 13. h5 Ne5 14. Qh3 Nbc4 15. Bc1 O-O-O 16. f4 Nc6 17. Bxc4 bxc4 18. Nxc6 Qxc6 19. Be3 Kb8 20. O-O-O d5 21. Bf2 Be7 22. Qe3 dxe4 23. Qa7+ Kc8 24. Bb6 Rxd1+ 25. Rxd1 Bd8 26. Bxd8 Rxd8 27. Rxd8+ Kxd8 28. Qd4+ Kc7 29. Qxg7 Kb8 30. Qxh7 e3 31. Qh8+ Ka7 32. Qd4+ Qb6 33. Qxc4 Bf3 34. Qf1 e2 35. Nxe2 Qe3+ 36. Kd1 Bxh5 37.
Ke1 Bxe2 38. Qxe2 Qc1+ 39. Qd1 Qxf4 40. Qd7+ Kb6 41. Qd8+ Kc6 42. c3 Qc1+ 43. Ke2 Qxb2+ 44. Ke3 Qxc3+ 45. Ke4 Qc4+ 46. Ke5 Qd5+ 47. Qxd5+ exd5 48. Kf6 d4 49. Kxf7 d3 50. g6 d2 51. g7 d1=Q 52.
g8=Q Qb3+ 53. Kg7 Qxg8+ 54. Kxg8 Kb5 55. Kf7 Ka4 56. Ke6 Kxa3 57. Kd5 a5 58. Kc4 a4 59. Kc3 Ka2 60. Kc2 Ka3 61. Kb1 Kb3 62. Ka1 a3 63. Kb1 a2+ 64. Ka1 Ka3 1/2-1/2

[Event "Late-Titled-Tuesday-Blitz-October-03-2023"]
[Site "Chess.com"]
[Date "2023.10.03"]
[Round "10"]
[White "jaskol95"]
[Black "The_Princess_Moon"]
[Result "1-0"]
[WhiteElo "2594"]
[BlackElo "2284"]
[TimeControl "180+1"]
[EndTime "15:51:42 PDT"]
[Termination "jaskol95 won on time"]

1. e4 c5 2. Nf3 a6 3. b4 cxb4 4. d4 d5 5. exd5 Nf6 6. c4 bxc3 7. Nxc3 Nxd5 8. Ne4 e6 9. Bd3 Bb4+ 10. Bd2 Bxd2+ 11.
Qxd2 Nd7 12. Nd6+ Ke7 13. Ng5 Rf8 14. Nge4 h6 15. Nc4 b5 16. Ne3 Bb7 17. O-O N7f6 18. Nc5 Rb8 19. Nf5+ exf5 20. Rfe1+ Kd6 21. Rac1 Re8 22.
Rxe8 Qxe8 23. Qc2 Qc6 24. Bxf5 Ba8 25. Qe2 Re8 26. Qf3 g5 27. Ne4+ Nxe4 28. Rxc6+ Bxc6 29. Bxe4 Nc3 30. Qf6+ Re6 31. Qd8+ Bd7 32. Qf8+ Kc7 33. Qc5+ Bc6 34. Qxc3 Rxe4 35. f3 Rf4 36. d5 Rc4 37. Qe5+ Kb6 38. dxc6 Rxc6 39. Kf2 f6 40. Qb8+ Kc5 41. Qf8+ Kb6 42. Qxh6 a5 43. Qf8 b4 44. Qb8+ Kc5 45. Ke3 Rb6 46. Qf8+ Kb5 47. g3 a4 48.
h4 b3 49. axb3 axb3 50. Qa3 Kc4 51. Qb2 Kb4 52. h5 Rc6 53. h6 Rc2 54. Qxc2 bxc2 55. Kd2 Kb3 56. Kc1 Kc3 57. h7 1-0

[Event "Late-Titled-Tuesday-Blitz-October-03-2023"]
[Site "Chess.com"]
[Date "2023.10.03"]
[Round "10"]
[White "Anton_Demchenko"]
[Black "carokannlover213"]
[Result "1-0"]
[WhiteElo "2910"]
[BlackElo "2717"]
[TimeControl "180+1"]
[EndTime "15:51:44 PDT"]
[Termination "Anton_Demchenko won by resignation"]

1. e4 e6 2. d3 c5 3. Nd2 Nc6 4. g3 g6 5. Bg2 Bg7 6. Ngf3 Nge7 7. O-O O-O 8. Re1 d6 9. c3 e5 10. a3 a6 11. b4 h6 12. Rb1 b6 13. Nc4 Be6 14.
Ne3 f5 15. Nd2 f4 16. Nd5 Na7 17. bxc5 bxc5 18. a4 fxg3 19. hxg3 Nxd5 20. exd5 Bf5 21. Nc4 Qc7 22. Rb6 Nc8 23. Rc6 Qd8 24. Be4 Qf6 25.
Be3 Bd7 26. Rc7 Bf5 27. a5 Rf7 28. Rxf7 Qxf7 29. Qd2 Bxe4 30. dxe4 g5 31. Rb1 Qc7 32. Qe2 Rb8 33. Rxb8 Qxb8 34. Qg4 Qc7 35. Qe6+ Kh8 36. Qe8+ Kh7 37. Qc6 Qb8 38. Kg2 Qb1 39. Nd2 Na7 40. Nxb1 Nxc6 41. dxc6 d5 42. c7 d4 43. Bd2 d3 44. c4 Bf6 45. c8=Q g4 46. Qxa6 h5 47. Qe6 h4 48. Qxg4 h3+ 49. Qxh3+ Bh4 50. Qxh4+ Kg6 51.
Qg5+ Kf7 52. Qxe5 Kg6 53. Qxc5 Kg7 54. Qd4+ Kf7 55. Qxd3 Kg7 56. Kf3 Kf7 57. Ke2 Kg7 58.
f4 Kg6 59. g4 Kg7 60. Kf3 Kf7 61. Qd4 Kf8 62. a6 Kf7 63. a7 Kf8 64. a8=Q+ Kf7 65. Qaa7+ Ke8 66. c5 Kf8 67. e5 Ke8 68. f5 Kf8 69. g5 Ke8 70. g6 Kf8 71. f6 Ke8 72. e6 Kf8 73. c6 Ke8 1-0

[Event "Late-Titled-Tuesday-Blitz-October-03-2023"]
[Site "Chess.com"]
[Date "2023.10.03"]
[Round "10"]
[White "Rodalquilar"]
[Black "BigAl"]
[Result "1-0"]
[WhiteElo "2744"]
[BlackElo "2569"]
[TimeControl "180+1"]
[EndTime "15:51:46 PDT"]
[Termination "Rodalquilar won on time"]

1. d4 Nf6 2. Nf3 g6 3. Bf4 Bg7 4. e3 O-O 5. Be2 d6 6. O-O c5 7.
c3 Be6 8. dxc5 dxc5 9. Nbd2 Nc6 10. h3 a6 11. a4 Na5 12. Ne5 Nd5 13. Bh2 Rc8 14. e4 Nf6 15. Rc1 c4 16. Qc2 Qb6 17. Kh1 Qc5 18. f4 Rcd8 19. Bg1 Qc7 20. Bh2 Qc5 21.
Bg1 Qc7 22. Bd4 b5 23. axb5 axb5 24. Ra1 Nb3 25. Nxb3 cxb3 26. Qb1 b4 27. Ra7 Qc8 28. Ba6 bxc3 29. bxc3 Qb8 30. Nc6 Qd6 31. Nxe7+ Kh8 32.
e5 Qb8 33. exf6 Bh6 34. f5 gxf5 35. Nc6 Qg3 36. Nxd8 Bd5 37. Rf2 Bf4 38. Nxf7+ Bxf7 39. Rxf4 Qxf4 40. Rxf7 Rxf7 41. Qxb3 Qc1+ 42. Bg1 Rf8 43.
Qb6 Qh6 44. Qd6 Kg8 45. Bc4+ Kh8 46. Bd4 Qc1+ 47. Kh2 Rg8 48. f7+ 1-0

[Event "Late-Titled-Tuesday-Blitz-October-03-2023"]
[Site "Chess.com"]
[Date "2023.10.03"]
[Round "10"]
[White "Sanyura"]
[Black "esskeettit"]
[Result "1-0"]
[WhiteElo "2645"]
[BlackElo "2460"]
[TimeControl "180+1"]
[EndTime "15:51:47 PDT"]
[Termination "Sanyura won by resignation"]

1. Nf3 d5 2. g3 Nf6 3. Bg2 e6 4. O-O Be7 5. d3 O-O 6. Nbd2 b6 7. e4 Bb7 8. exd5 Bxd5 9. a4 a5 10. Re1 Na6 11. Qe2 Nb4 12. Ne4 Nxe4 13. dxe4 Bb7 14. Rd1 Qc8 15. Ne1 Rd8 16. c3 Ba6 17. Qf3 Rxd1 18.
Qxd1 Qd8 19. Bf4 Nc6 20. Qxd8+ Rxd8 21. Bxc7 Rd2 22. Bxb6 Rxb2 23. Be3 Ne5 24. Rd1 h6 25. h3 Nc4 26. Bd4 Ra2 27. Bf1 Rxa4 28. Rb1 Kh7 29. e5 Nd2 30. Bxa6 Nxb1 31. Bd3+ g6 32. Nf3 Ra1 33.
Kg2 Na3 34. h4 Rc1 35. h5 a4 36. hxg6+ fxg6 37. Be3 Rd1 38. Be2 Rd8 39. Nd4 Nb1 40. Nxe6 Ra8 41. Bd3 Nxc3 42. Nf4 Nb5 43. Bxg6+ Kg7 44.
Bd3 Nc3 45. e6 a3 46. Bd4+ Kf8 47. Ng6+ Ke8 48. Bxc3 a2 49. Bb5+ Kd8 50. Ba1 Bd6 51. e7+ Bxe7 52. Ne5 Rc8 53. Nc6+ Kc7 54. Nxe7 Re8 55.
Nd5+ Kd6 56. Bxe8 1-0

[Event "Late-Titled-Tuesday-Blitz-October-03-2023"]
[Site "Chess.com"]
[Date "2023.10.03"]
[Round "10"]
[White "Bodhanas"]
[Black "SEBAZZANO"]
[Result "1-0"]
[WhiteElo "2142"]
[BlackElo "2239"]
[TimeControl "180+1"]
[EndTime "15:51:47 PDT"]
[Termination "Bodhanas won on time"]

1. d4 Nf6 2. Nf3 d5 3. Bf4 c6 4. e3 g6 5. c3 Bg7 6. Nbd2 O-O 7. Bd3 Bf5 8. Bxf5 gxf5 9. O-O e6 10. Ne5 Nbd7 11. Nxd7 Qxd7 12. Be5 Ne4 13. Nxe4 fxe4 14.
Bxg7 Kxg7 15. Qg4+ Kh8 16. f3 f5 17. Qh3 exf3 18. Rxf3 Rg8 19. Raf1 Rg6 20. Rg3 Rag8 21.
Rff3 Rg4 22. Rf4 Rxg3 23. hxg3 Rg6 24. g4 fxg4 25. Rxg4 Qf7 26. Rf4 Rf6 27. Rh4 Rf1+ 28. Kh2 Rf2 29. b4 Rxa2 30. Rh6 Rf2 31. Qxe6 Qxe6 32. Rxe6 Kg7 33. Kg3 Rf7 34. e4 dxe4 35. Rxe4 Rd7 36. Kf4 Kf6 37. g4 h6 38. Re8 Kf7 39.
Ra8 a6 40. Kf5 Rd5+ 41. Kf4 Rd7 42. Rh8 Kg7 43. Rb8 Kf6 44. Ke4 Re7+ 45. Kf3 Rd7 46. Rf8+ Kg7 47. Re8 Kf7 48. Re5 Kf6 49. Rf5+ Kg6 50.
Re5 Kf6 51. Kf4 Rg7 52. c4 Rd7 53. d5 cxd5 54. cxd5 Rd6 55. Rf5+ Kg6 56. Ke5 Rb6 57. d6 1-0

[Event "Late-Titled-Tuesday-Blitz-October-03-2023"]
[Site "Chess.com"]
[Date "2023.10.03"]
[Round "10"]
[White "miraitrunks"]
[Black "luizzy"]
[Result "0-1"]
[WhiteElo "2219"]
[BlackElo "2579"]
[TimeControl "180+1"]
[EndTime "15:51:50 PDT"]
[Termination "luizzy won on time"]

1. e4 e5 2. Nf3 d6 3. d4 Nd7 4. dxe5 Nxe5 5. Nxe5 dxe5 6. Qxd8+ Kxd8 7. Bc4 Ke8 8. O-O Nf6 9. Nc3 c6 10. Bg5 Be7 11. Rad1 h6 12. Bxf6 Bxf6 13. Ne2 Ke7 14. f3 b5 15. Bb3 a5 16. a4 b4 17. Rfe1 Ba6 18. Ng3 g6 19. Kf2 h5 20. Ne2 Rhd8 21. g3 h4 22. Nc1 Rh8 23. g4 h3 24.
Rg1 Bh4+ 25. Ke3 Bg5+ 26. Kf2 Bf4 27. Rh1 Rad8 28. Nd3 g5 29. Nc5 Bc8 30. Ke2 Rxd1 31. Kxd1 Rd8+ 32. Ke1 Rd2 33. Nd3 Rxh2 34. Rxh2 Bxh2 35.
Kf2 Ba6 36. Ba2 f6 37. Bb3 Kd6 38. Ba2 c5 39. Bf7 c4 40. Nc1 Kc5 41. c3 Bb7 42. Ne2 Bc6 43. Ng3 Bxa4 44. Nh5 Bf4 45. Nxf6 Bd1 0-1